 Dungeon Sprint DCSS version 0.32-a0 (webtiles) character file.

Game seed: 9931932213589819271

221 Conn the Firebug (level 5, -8/31 HPs)
             Began as an Octopode Fire Elementalist on Jan 13, 2024.
             Was an Initiate of Sif Muna.
             Mangled by a tentacle (26 damage)
             ... attached to a kraken
             ... in the Dungeon (Sprint II: "The Violet Keep of Menkaure").
             The game lasted 00:02:48 (143 turns).

Conn the Firebug (Octopode Fire Elementalist)        Turns: 143, Time: 00:02:48

Health: -8/31      AC:  1    Str:  7    XL:     5   Next: 98%
Magic:  8/13       EV: 14    Int: 20    God:    Sif Muna [......]
Gold:   0          SH:  0    Dex: 12    Spells: 6/16 levels left

rFire   . . .        (no weapon)
rCold   . . .        (no shield)
rNeg    . . .        (helmet restricted)
rPois   .            (no amulet)
rElec   .            (no ring)
rCorr   .            (no ring)
SInv    .            (no ring)
Will    .....        (no ring)
Stlth   ++++         (no ring)
HPRegen 0.25/turn    (no ring)
MPRegen 0.13/turn    (no ring)
                     (no ring)

%: no teleportation
@: no status effects
A: almost no armour, amphibious, 8 rings, camouflage 1, gelatinous body 1,
nimble swimmer 1, tentacles
a: Renounce Religion


You were in the Dungeon.
You worshipped Sif Muna.
Sif Muna was noncommittal.
You visited 1 branch

Inventory:

Potions
 a - 2 potions of magic
 b - a potion of curing
 c - a potion of heal wounds


   Skills:
 + Level 4.8 Dodging
 - Level 4.1 Stealth
 * Level 6.1 Spellcasting
 * Level 5.3 Conjurations
 + Level 7.3 Fire Magic


You had 6 spell levels left.
You knew the following spells:

 Your Spells              Type           Power      Damage    Failure   Level
a - Foxfire               Conj/Fire      100%       2x1d9     1%          1
b - Scorch                Fire           70%        2d7       1%          2
c - Inner Flame           Hex/Fire       20%        N/A       7%          3
d - Flame Wave            Conj/Fire      31%        2d9       8%          4

Your spell library contained the following spells:

 Spells                   Type           Power      Damage    Failure   Level
 Volatile Blastmotes      Fire/Tloc      40%        2d13      7%          3


Dungeon Overview and Level Annotations

Branches:
Dungeon (1/1)

Altars:
Cheibriados
Dithmenos
Elyvilon
Fedhas
Gozag
Hepliaklqana
Kikubaaqudgha
Makhleb
Nemelex Xobeh
Okawaru
Qazlal
Ru
Sif Muna
Trog
Uskayaw
Vehumet
Wu Jian
Xom
Yredelemnul
Zin
The Shining One
Jiyva
Lugonu

Annotations:
D exclusion: ice statue


Innate Abilities, Weirdness & Mutations

You cannot wear most types of armour.
You are amphibious.
You can wear up to eight rings at the same time.
Your skin changes colour to match your surroundings (Stealth+).
Your rubbery body absorbs attacks. (AC +1, EV +1)
You are camouflaged when in or above water. (Stealth+)
You have tentacles for arms and can constrict up to eight enemies at once.


Message History

Casting: Foxfire (safe; 1% risk of failure)
Confirm with . or Enter, or press ? or * to list all spells.
Okay, then.
Unknown command.
Unknown command.
Unknown command.
Unknown command.
Unknown command.
Unknown command.
Casting: Foxfire (safe; 1% risk of failure)
Confirm with . or Enter, or press ? or * to list all spells.
Casting: Flame Wave (quite dangerous; 8% risk of failure)
Press: ? - help, Dir - look around, f - activate A wave of flame ripples out!
The flame wave engulfs the crocodile.
The crocodile is lightly wounded.
The flame wave engulfs the tentacle!
The tentacle is moderately wounded.
The flame wave engulfs the crocodile!
The crocodile is heavily wounded. (Press . to intensify the flame waves.)
The tentacle is engulfed in a cloud of scalding steam.
The tentacle misses you. The crocodile closely misses you.
The tentacle is engulfed in a cloud of scalding steam.
The tentacle slaps you!
The crocodile is engulfed in a cloud of scalding steam.
The crocodile closely misses you.
Unknown command.
Unknown command.
A wave of flame ripples out!
The flame wave engulfs the crocodile.
The crocodile is heavily wounded.
The flame wave engulfs the tentacle.
The tentacle is heavily wounded.
The flame wave engulfs the crocodile!
The crocodile is almost dead.
The flame wave engulfs the tentacle segment.
The tentacle segment is heavily wounded.
The tentacle is engulfed in a cloud of scalding steam.
The tentacle slaps you!!
Ouch! That really hurt!
You die...

+.### :▓[[$!!([)▓▓ ...#
#▓?$)!$$[$▓▓ # #..#
#▓[($![$!|▓▓ .# +.^#
#▓?)[!$???▓▓ .# #..#
#▓!)$(?)[?▓▓
.####..####▓?(()"[$[▓▓
.§.###.^.##▓▓▓▓▓▓▓Λ▓▓▓▓+▓
§....~~~~~~~~~§l@w.\wXw≈▓
.....~#'########l###V≈w≈▓
~~~..~#.._._._.#§§~# ≈≈▓
~~~~.~#._._._..#~§≈≈# ▓
≈~~~~~#_._._._.#~~~§≈#
§≈≈~~~#._._._._#~§§§≈≈
≈≈≈≈≈~#.._._._.#§§§~~≈
≈###≈§#..._._._#§§§~§l#
≈# #≈≈#...._._.#~~≈


You could see a kraken, 4 tentacles and 2 crocodiles.

Vanquished Creatures
  A crocodile (D)
  3 necrophages (D)
4 creatures vanquished.

Vanquished Creatures (others)
  13 foxfires (D)
13 creatures vanquished.

Grand Total: 17 creatures vanquished

Notes
Turn   | Place    | Note
-------+----------+-------------------------------------------
     0 | D        | Conn the Octopode Fire Elementalist began the quest for the
                  | Orb.
     0 | D        | Reached XP level 1. HP: 11/11 MP: 3/3
     2 | D        | Noticed a wyvern
     2 | D        | Noticed a wyvern
     5 | D        | Noticed a necrophage
     5 | D        | Noticed a necrophage
     5 | D        | Noticed a necrophage
     5 | D        | Noticed a necrophage
    16 | D        | Killed a necrophage
    17 | D        | Reached skill level 6 in Fire Magic
    17 | D        | Reached XP level 2. HP: 17/17 MP: 0/6
    17 | D        | Reached XP level 3. HP: 21/21 MP: 0/8
    17 | D        | Reached XP level 4. HP: 27/27 MP: 0/9
    23 | D        | Killed a necrophage
    24 | D        | Reached XP level 5. HP: 14/31 MP: 0/12
    29 | D        | Noticed an ice statue
    32 | D        | Noticed a crocodile
    39 | D        | Killed a crocodile
    40 | D        | Reached skill level 5 in Spellcasting
    41 | D        | Reached skill level 5 in Conjurations
    41 | D        | Reached skill level 7 in Fire Magic
    44 | D        | Learned a level 2 spell: Scorch
    48 | D        | Found a hazy altar of Hepliaklqana.
    48 | D        | Found a snail-covered altar of Cheibriados.
    49 | D        | Found a stormy altar of Qazlal.
    49 | D        | Found a viscous altar of Jiyva.
    49 | D        | Found a shadowy altar of Dithmenos.
    50 | D        | Found a sacrificial altar of Ru.
    50 | D        | Found an ancient bone altar of Kikubaaqudgha.
    50 | D        | Found a white marble altar of Elyvilon.
    51 | D        | Found an ornate altar of the Wu Jian Council.
    51 | D        | Found a shimmering blue altar of Sif Muna.
    51 | D        | Found a corrupted altar of Lugonu.
    52 | D        | Found a shimmering altar of Xom.
    52 | D        | Found a bloodstained altar of Trog.
    52 | D        | Found a burning altar of Makhleb.
    53 | D        | Found a glowing golden altar of the Shining One.
    53 | D        | Found a basalt altar of Yredelemnul.
    53 | D        | Found a hide-covered altar of Uskayaw.
    55 | D        | Found a glowing silver altar of Zin.
    55 | D        | Found a radiant altar of Vehumet.
    55 | D        | Found a blossoming altar of Fedhas.
    55 | D        | Found a sparkling altar of Nemelex Xobeh.
    56 | D        | Found an opulent altar of Gozag.
    56 | D        | Found an iron altar of Okawaru.
    59 | D        | Noticed a crocodile
    60 | D        | Noticed a crocodile
    61 | D        | Became a worshipper of Sif Muna the Loreminder
    74 | D        | Learned a level 3 spell: Inner Flame
    79 | D        | Learned a level 4 spell: Flame Wave
    83 | D        | Noticed a crocodile
    83 | D        | Noticed a kraken
   143 | D        | Mangled by a tentacle

Illustrated notes

Levels and vault maps discovered:
D:        the_violet_keep_of_menkaure [sprint2_stairs_cluster_1,
          sprint2_shoproom, sprint2_temple, sprint2_basic_supplies,
          sprint2_obstacle_2, sprint2_obstacle_5, sprint2_obstacle_3,
          sprint2_obstacle_1, sprint2_obstacle_6, sprint2_timed_cluster_1,
          sprint2_smallroom_cluster_1, sprint2_smallroom_final_cluster_1,
          sprint2_transparent_cluster_1, sprint2_second_timed_cluster_1,
          sprint2_sniper_area_1, sprint2_heavy_combat_area_1,
          sprint2_mutation_trap_area_1, sprint2_forest_area_1,
          sprint2_light_combat_area_1, sprint2_behind_water_1,
          sprint2_near_end_vault_1]

Skill      XL: |  1  2  3  4  5 |
---------------+----------------+-----
Dodging        | 3 4 |  4.8
Stealth        | 4 |  4.1
Spellcasting   | 3 4 6 |  6.1
Fire Magic     | 6 7 |  7.3
Conjurations   | 3 5 |  5.3

Action                     |  1- 3 |  4- 6 || total
---------------------------+-------+-------++-------
  Melee: Unarmed           |     2 |     8 ||    10
         Tentacles         |     1 |     1 ||     2
         Constrict         |       |     2 ||     2
   Cast: Foxfire           |     3 |     6 ||     9
         Flame Wave        |       |     1 ||     1
    Use: Potion            |     2 |     1 ||     3
         Scroll            |       |     1 ||     1
 Armour: Skin              |       |     7 ||     7
  Dodge: Dodged            |     1 |     7 ||     8

Table legend: (Time is in decaauts)
 A = Elapsed time spent in this place.
 B = Non-inter-level travel time spent in this place.
 C = Inter-level travel time spent in this place.
 D = Time resting spent in this place.
 E = Time spent auto-exploring this place.
 F = Levels seen in this place.
 G = Mean time per level.
                   A        B        C        D        E       F      G
               +--------+--------+--------+--------+--------+-----+--------+
         Total |    135 |    135 |      0 |     47 |      0 |   1 |  135.0 |
       Dungeon |    135 |    135 |      0 |     47 |      0 |   1 |  135.0 |
               +--------+--------+--------+--------+--------+-----+--------+

Top non-repeatable levels by time:
       D: 135 daAuts
